 Seeded DCSS version 0.31-a0-602-g894f4ff (webtiles) character file.

Game seed: 7008617450479934224 (custom seed)

3919 brinewave the Fighter (level 10, -6/82 HPs)
             Began as a Mummy Gladiator on Aug 20, 2023.
             Was a Follower of Okawaru.
             Shot with a bolt by an orc (8 damage)
             ... in a bailey on Aug 21, 2023.
             The game lasted 00:33:00 (8349 turns).

brinewave the Fighter (Mummy Gladiator)             Turns: 8349, Time: 00:33:01

Health: -6/82      AC: 17    Str: 22    XL:     10   Next: 1%
Magic:  10/10      EV:  7    Int:  8    God:    Okawaru [*.....]
Gold:   463        SH:  0    Dex: 13    Spells: 9/9 levels left

rFire   x . .        x - +2 flail (heavy)
rCold   + . .        (no shield)
rNeg    + + +        u - +0 plate armour
rPois   ∞            c - +2 helmet
rElec   .            (no cloak)
rCorr   .            e - +0 pair of gloves
SInv    .            (no boots)
Will    +....        (no amulet) Stlth
                     (no ring)
HPRegen 0.33/turn    (no ring)
MPRegen 0.12/turn

%: faith
@: no status effects
A: cold resistance 1, negative energy resistance 3, torment resistance 2, heat
vulnerability 1, in touch with death 1, no potions, faith
a: Renounce Religion, Heroism


You were in a bailey.
You worshipped Okawaru.
Okawaru was aware of your devotion.
You visited 2 branches of the dungeon, and saw 9 of its levels.
You also visited: Sewer and Bailey.

You collected 475 gold pieces.
You spent 12 gold pieces at shops.

Inventory:

Hand Weapons
 b - a +0 hand axe
 r - a +5 spear
 t - a +2 short sword of protection
 x - a +2 heavy flail (weapon)
Missiles
 a - 4 curare-tipped darts
 d - 2 throwing nets
 l - 75 stones (quivered)
 o - 8 silver javelins
 z - 20 poisoned darts
 A - 5 javelins
 B - 6 atropa-tipped darts
Armour
 c - a +2 helmet (worn)
 e - a +0 pair of gloves (worn)
 g - a +0 buckler
 k - a +0 tower shield
 n - a +2 kite shield
 u - a +0 plate armour (worn)
Wands
 p - a wand of roots (7)
 q - a wand of charming (11)
 s - a wand of polymorph (6)
Scrolls
 f - a scroll of enchant weapon
 h - 2 scrolls of poison
 i - 4 scrolls of teleportation
 j - 5 scrolls of fog
 m - 2 scrolls of identify
 v - a scroll of blinking


   Skills:
 + Level 8.7 Fighting
 - Level 2.4 Short Blades
 + Level 6.8 Axes
 - Level 1.5 Throwing
 + Level 6.8 Armour
 - Level 2.4 Dodging


You had 9 spell levels left.
You didn't know any spells.
Your spell library contained the following spells:

 Spells                   Type           Power      Damage    Failure   Level
 Foxfire                  Conj/Fire      0%         2x1d4     100%        1
 Blink                    Tloc           0%         N/A       100%        2
 Cigotuvi's Dreadful Rot  Necr/Pois/Air  0%         N/A       100%        2
 Lesser Beckoning         Tloc           0%         N/A       100%        2
 Momentum Strike          Conj/Tloc      0%         3d8       100%        2
 Swiftness                Air            0%         N/A       100%        3
 Vhi's Electric Charge    Tloc/Air       0%         N/A       100%        3
 Manifold Assault         Tloc           0%         N/A       100%        4
 Passage of Golubria      Tloc           0%         N/A       100%        4
 Arcjolt                  Conj/Air       0%         1d10      100%        5
 Plasma Beam              Fire/Air       0%         2x1d10    100%        6
 Starburst                Conj/Fire      0%         6d3       100%        6


Dungeon Overview and Level Annotations

Branches:
Dungeon (8/15)             Temple (1/1) D:7           Sewer (visited)
 Bailey (1/1)
   Lair: D:8-11

Altars:
Dithmenos
Fedhas
Gozag
Kikubaaqudgha
Makhleb
Nemelex Xobeh
Okawaru
Qazlal
Ru
Sif Muna
Uskayaw
Vehumet
Xom
Yredelemnul

Shops:
D:2 ?[


Innate Abilities, Weirdness & Mutations

You are immune to poison.
Your flesh is cold resistant. (rC+)
You are immune to negative energy. (rN+++)
You are immune to unholy pain and torment.
You are vulnerable to heat. (rF-)
You are in touch with the powers of death.
You do not drink.
You have a special connection with the divine. (Faith)


Message History

The orc warrior unwields a +0 arbalest.
The orc warrior hits you but does no damage.
The orc unwields a +0 arbalest.
The orc hits you but does no damage.
You barely miss the orc warrior. The orc barely misses you.
You closely miss the orc warrior.
The orc warrior shoots a bolt.
The bolt hits you. The orc warrior hits you.
The orc hits you but does no damage.
The orc warrior shoots a bolt.
The bolt hits you.
The orc unwields a +0 arbalest.
The orc barely misses you. The orc closely misses you.
The orc warrior hits you but does no damage.
You sock the orc warrior!
The orc warrior is moderately wounded.
The orc warrior hits you. The orc hits you but does no damage. x2
The orc hits you. The orc hits you but does no damage.
The orc warrior hits you but does no damage.
You closely miss the orc warrior.
The orc warrior is moderately wounded.
The orc warrior shoots a bolt.
The bolt hits you.
The orc warrior hits you but does no damage.
The orc barely misses you. The orc hits you but does no damage.
The orc warrior shoots a bolt.
The bolt barely misses you.
The bolt barely misses the orc warrior.
The orc hits you but does no damage. x2
The orc warrior closely misses you.
The orc warrior shoots a bolt.
The bolt hits you.
The orc wields a +0 arbalest.
The orc shoots a bolt.
The bolt hits you!
* * * LOW HITPOINT WARNING * * *
The orc wields a +0 arbalest.
The orc shoots a bolt.
The bolt hits you.
* * * LOW HITPOINT WARNING * * *
The orc warrior shoots a bolt.
The bolt barely misses you.
The orc warrior hits you but does no damage.
The orc shoots a bolt.
The bolt hits you but does no damage.
The orc warrior shoots a bolt.
The bolt hits you but does no damage.
The orc warrior wields a +0 arbalest.
The orc warrior shoots a bolt.
The bolt closely misses you.
The orc shoots a bolt.
The bolt hits you.
* * * LOW HITPOINT WARNING * * *
The orc warrior shoots a bolt.
The bolt hits you.
* * * LOW HITPOINT WARNING * * *
The orc shoots a bolt.
The bolt hits you!
You die...

###############
.............∩#
............∩.#
..............#
.............@#
...≈≈≈≈≈......#
..≈≈###≈≈.....#
..≈##.##≈.....#
.......#≈..oo.#
≈#∩.##≈o....#
## #≈≈.....#
≈o≈≈......#
............#


You could see an orc warrior and 2 orcs.

Vanquished Creatures
  Pikel (D:5)
  Prince Ribbit (D:7)
  Sigmund (D:2)
  3 water moccasins
  An orc warrior (D:6)
  A sky beast (D:6)
  A black bear (D:6)
  3 ice beasts
  4 centaurs (D:7)
  2 phantoms (D:5)
  7 kobold brigands (Sewer)
  3 bullfrogs
  3 scorpions
  5 wights
  A jelly (D:7)
  3 hounds
  3 orc priests
  2 iguanas (D:5)
  3 orc wizards
  3 sleepcaps
  11 adders
  A gnoll (D:5)
  2 river rats (Sewer)
  A shadow imp (D:7)
  2 white imps (D:6)
  An ufetubus (D:6)
  4 worms
  3 dart slugs
  16 orcs
  7 endoplasms
  3 giant cockroaches
  8 goblins
  4 hobgoblins
  9 jackals
  13 kobolds
  4 quokkas
  12 ball pythons
  2 bats
  3 frilled lizards (D:1)
  12 rats
169 creatures vanquished.

Notes
Turn   | Place    | Note
-------+----------+-------------------------------------------
     0 | D:1      | brinewave the Mummy Gladiator began the quest for the Orb.
     0 | D:1      | Reached XP level 1. HP: 16/16 MP: 1/1
   471 | D:1      | Reached XP level 2. HP: 22/22 MP: 2/2
  1123 | D:2      | Found Nerro's Antique Armour Shop.
  1144 | D:2      | Reached skill level 1 in Axes
  1144 | D:2      | Reached skill level 1 in Armour
  1175 | D:2      | Gained mutation: You are in touch with the powers of death.
                  | [Mummy growth]
  1175 | D:2      | Reached XP level 3. HP: 28/28 MP: 3/3
  1295 | D:2      | Noticed Sigmund
  1314 | D:2      | Killed Sigmund
  1315 | D:2      | Reached skill level 3 in Fighting
  1315 | D:2      | Reached XP level 4. HP: 8/37 MP: 4/4
  1315 | D:2      | Reached XP level 5. HP: 9/42 MP: 5/5
  1483 | D:2      | Found Vysuoche's Magic Scroll Shoppe.
  1492 | D:2      | Bought a scroll of noise for 12 gold pieces
  2369 | D:3      | Found a sparkling altar of Nemelex Xobeh.
  2729 | D:4      | Found a stormy altar of Qazlal.
  2773 | D:4      | Reached XP level 6. HP: 48/48 MP: 6/6
  2780 | D:4      | Reached skill level 4 in Fighting
  3027 | D:4      | Found a glowing drain.
  3031 | Sewer    | Entered a sewer
  3214 | Sewer    | Reached XP level 7. HP: 45/55 MP: 7/7
  3401 | Sewer    | Reached skill level 5 in Fighting
  4122 | D:4      | Upgraded the game from 0.31-a0-600-g62dffe1 to
                  | 0.31-a0-602-g894f4ff
  4235 | D:4      | Reached XP level 8. HP: 59/64 MP: 8/8
  4419 | D:5      | Entered Level 5 of the Dungeon
  4598 | D:5      | Reached skill level 6 in Fighting
  4709 | D:5      | Noticed Pikel
  5117 | D:6      | Reached skill level 5 in Axes
  5117 | D:6      | Reached skill level 5 in Armour
  5290 | D:6      | Found a hide-covered altar of Uskayaw.
  5683 | D:5      | Killed Pikel
  5684 | D:5      | Reached skill level 7 in Fighting
  5684 | D:5      | Reached XP level 9. HP: 67/72 MP: 9/9
  6806 | D:7      | Got the Handbook of the Relocated Zephyr
  6818 | D:7      | Noticed Prince Ribbit
  6838 | D:7      | Killed Prince Ribbit
  6925 | D:7      | Reached skill level 8 in Fighting
  6983 | D:7      | Found a staircase to the Ecumenical Temple.
  6989 | Temple   | Found a transporter.
  6989 | Temple   | Found a transporter.
  6989 | Temple   | Found a transporter.
  6989 | Temple   | Found a transporter.
  6989 | Temple   | Entered the Ecumenical Temple
  7022 | Temple   | Became a worshipper of Warmaster Okawaru
  7160 | D:7      | Reached * piety under Okawaru
  7863 | D:7      | Found a blossoming altar of Fedhas.
  8292 | D:8      | Reached XP level 10. HP: 77/82 MP: 10/10
  8292 | D:8      | Found the +5 robe of Night {Dark Will+ SInv}
  8316 | D:8      | Found a flagged portal.
  8323 | Bailey   | Entered a bailey
  8349 | Bailey   | HP: 2/82 [orc warrior/bolt (6)]
  8349 | Bailey   | Shot with a bolt by an orc

Illustrated notes

Levels and vault maps discovered:
D:1:      dpeg_arrival_boxorama, layout_basic, chequers_serial_rivers_room_b
D:2:      layout_loops_ring, serial_shops, nicolae_shop_stone, shop,
          uniq_sigmund
D:3:      layout_basic, nemelex_spade_bored_becter,
          hangedman_abyss_or_decor_lesser_grid
D:4:      minmay_diamond_boxcup, layout_basic, nicolae_qazlal_scattered_showers,
          gup_sewer_entry_bowl, lightli_ossuary_entry_decrepit_ruins,
          minivault_11
D:5:      layout_basic, jmf_multi_god_temple, st_stairs_13, uniq_pikel
D:6:      nicolae_cairo_tiling_very_big, layout_basic,
          nicolae_uskayaw_murder_on_the_dancefloor
D:7:      nicolae_whirlpool, layout_cave_pools, fedhas_altar_fruit_tree,
          minmay_temple_entry_hall, chequers_serial_rivers_micro_d,
          uniq_prince_ribbit1
D:8:      cheibrodos_shockbox, layout_basic, ashenzari_conservatory_becter,
          mainiacjoe_overflow_chevrons, enter_bailey_2
Temple:   hellmonk_temple_divided_pantheon
Bailey:   bailey_polearm_2, bailey

Skill      XL: |  1  2  3  4  5  6  7  8  9 |
---------------+----------------------------+-----
Axes           | 1 2 3 4 5 6 |  6.8
Armour         | 1 2 3 4 5 6 |  6.8
Fighting       | 3 4 5 7 8 |  8.7
Short Blades   | |  2.4
Throwing       | |  1.5
Dodging        | |  2.4

Action                     |  1- 3 |  4- 6 |  7- 9 | 10-12 || total
---------------------------+-------+-------+-------+-------++-------
  Melee: Rapier            |    70 |       |       |       ||    70
         Punch             |     2 |       |     1 |       ||     3
         Halberd           |       |   219 |   267 |       ||   486
         Hand axe          |       |       |    33 |       ||    33
         Flail             |       |       |   100 |     4 ||   104
         Spear             |       |       |    19 |       ||    19
  Throw: Throwing net      |     1 |       |       |       ||     1
         Stone             |     5 |       |       |       ||     5
         Dart              |     1 |       |    30 |       ||    31
         Javelin           |       |       |     6 |       ||     6
    Use: Scroll            |       |     7 |     2 |     1 ||    10
 Armour: Ring mail         |    11 |       |       |       ||    11
         Chain mail        |     8 |   116 |   124 |       ||   248
         Plate armour      |       |       |   212 |    17 ||   229
  Dodge: Dodged            |    24 |   106 |   246 |    11 ||   387

Table legend: (Time is in decaauts)
 A = Elapsed time spent in this place.
 B = Non-inter-level travel time spent in this place.
 C = Inter-level travel time spent in this place.
 D = Time resting spent in this place.
 E = Time spent auto-exploring this place.
 F = Levels seen in this place.
 G = Mean time per level.
                   A        B        C        D        E       F      G
               +--------+--------+--------+--------+--------+-----+--------+
         Total |   8852 |   8625 |    227 |   1089 |   4948 |  11 |  804.7 |
       Dungeon |   7532 |   7305 |    227 |   1085 |   4165 |   8 |  941.5 |
        Temple |     51 |     51 |      0 |      0 |      0 |   1 |   51.0 |
         Sewer |   1238 |   1238 |      0 |      4 |    783 |   1 | 1238.0 |
        Bailey |     29 |     29 |      0 |      0 |      0 |   1 |   29.0 |
               +--------+--------+--------+--------+--------+-----+--------+

Top non-repeatable levels by time:
     D:7: 1543 daAuts
     D:6: 1342 daAuts
   Sewer: 1238 daAuts
     D:1: 1080 daAuts
     D:5: 942 daAuts
     D:2: 909 daAuts
     D:4: 885 daAuts
     D:3: 793 daAuts
  Temple: 51 daAuts
     D:8: 36 daAuts
  Bailey: 29 daAuts
